Unix NetHack Version 5.0.0-0 post-release - last build May  4 2026 22:22:43 (774f63e81ad911689b3a0859ea89b322d5daca8d,branch:main).

Game began 2026-05-10 20:11:22, ended 2026-05-10 22:33:51.

Eesui, chaotic male human Rogue

                          --------------------------
                          |>......^................|
                          |.......----------------.|
                          -------.------         |i|
                           |...........|         |.|
                           |0.........0|         |.|
                          --------.----|         |.|
                          |............|         |.|
                          |............|         |.|
                          -----.--------   ------|.|
                           |%.........|  --|$$$$$|.|
                           |..........|  |.+$$$$$|M|
                           |.........--  |-|$$$$.|@|
                          -------.----   |.+$$$$.+@|
                          |........|     |-|$$$$%|--
                          |........|     |.+$$$$$|
                          |...------     --|$$$$$|
                          -----            -------
Eesui the Pilferer      St:18 Dx:18 Co:16 In:11 Wi:9 Ch:12  Chaotic
Dlvl:5  $:0  HP:0(75) Pw:53(53) AC:-3 Xp:11/10109 T:18761  Burdened

Latest messages:
 You hit the ettin mummy.
 The ettin mummy hits!
 The ettin mummy misses!
 The ettin mummy hits!
 The ettin mummy hits again!
 You hit the ettin mummy!
 You miss the ettin mummy.
 The ettin mummy hits!
 The ettin mummy knocks you backward with a forceful blow!
 The Woodland-elf reads a scroll of create monster!
 A monkey suddenly appears next to you!
 Pick a monster, object or location.
 @        a human or elf (peaceful Woodland-elf)
 Pick a monster, object or location.
 You hit the monkey!
 You hit the monkey.
 The monkey hits!
 The monkey tries to grab your lizard corpses but gives up.
 The monkey bites!
 You kill the monkey!
 You miss the ettin mummy.
 You hit the ettin mummy.
 The ettin mummy misses!
 The ettin mummy just misses!
 You hit the ettin mummy.
 You miss the ettin mummy.
 The ettin mummy hits!
 The ettin mummy hits again!
 You miss the ettin mummy.
 You miss the ettin mummy.
 The ettin mummy hits!
 The ettin mummy misses!
 The ettin mummy hits!
 The ettin mummy hits again!
 You hit the ettin mummy.
 You hit the ettin mummy.
 The ettin mummy hits!
 The ettin mummy hits again!
 You miss the ettin mummy.
 You hit the ettin mummy.
 The ettin mummy misses!
 The ettin mummy hits!
 You hit the ettin mummy!
 You miss the ettin mummy.
 The ettin mummy hits!
 The ettin mummy hits again!
 The ettin mummy hits!
 You die...
 Do you want your possessions identified? [ynq] (y)
 Do you want to see your attributes? [ynq] (y)

Inventory:
 Weapons  (')')
  A - a rustproof +0 dagger (wielded in left hand)
  B - 16 +2 daggers (at the ready)
  Q - the +0 Orcrist (wielded in right hand)
 Armor    ('[')
  N - an uncursed +1 orcish helm (being worn)
  u - an uncursed +0 pair of gauntlets of dexterity (being worn)
  S - a blessed +0 pair of jumping boots (being worn)
  T - an uncursed +0 cloak of magic resistance (being worn)
  t - an uncursed +2 dwarvish mithril-coat (being worn)
 Comestibles  ('%')
  p - an uncursed slime mold
  Z - 3 uncursed food rations
  a - an uncursed pancake
  h - 5 uncursed tripe rations
  O - 5 uncursed lizard corpses
 Potions  ('!')
  i - 2 uncursed potions of healing
 Rings    ('=')
  r - an uncursed -1 ring of gain constitution
  n - an uncursed ring of invisibility
  g - an uncursed ring of levitation
  j - an uncursed ring of searching
  b - a cursed ring of teleportation
 Wands    ('/')
  c - a wand of cancellation (0:4)
  q - a wand of cold (0:5)
  o - a wand of magic missile (0:8)
  z - a wand of sleep (0:2)
  m - a wand of teleportation (0:7)
  F - a wand of teleportation (0:4)
 Tools    ('(')
  f - an uncursed sack containing 8 items
  x - an uncursed blindfold
  I - an uncursed brass lantern
  e - an uncursed lock pick
  M - an uncursed towel
  W - a +0 unicorn horn
 Gems/Stones  ('*')
  E - an uncursed chrysoberyl stone
  G - an uncursed emerald
  D - 3 uncursed worthless pieces of violet glass
  J - an uncursed worthless piece of white glass

Contents of the sack:
  2101 gold pieces
  a blessed scroll of create monster
  an uncursed scroll of create monster
  2 uncursed scrolls of earth
  a blessed scroll of identify
  an uncursed scroll of identify
  a +0 pick-axe
  an uncursed luckstone

Eesui the Rogue's attributes:

Background:
 You were a Pilferer, a level 11 male human Rogue.
 You were chaotic, on a mission for Kos
 who was opposed by Issek (lawful) and Mog (neutral).
 You were right-handed.
 You were in Sokoban, on level 5.
 You entered the dungeon 18761 turns ago.
 It was nighttime.
 You had 10109 experience points, 9891 more were needed to attain level 12.

Basics:
 You had 0 out of 75 hit points.
 You had all 53 energy points (spell power).
 Your armor class was -3.
 Your wallet was empty, but
 you had 2101 zorkmids stashed away in your pack.
 Autopickup was on for '$?!/=+"' plus thrown.

Final Characteristics:
 Your strength was 18 (limit:18/100).
 Your dexterity was 18 (limit:18).
 Your constitution was 16 (limit:18).
 Your intelligence was 11 (peak:12, limit:18).
 Your wisdom was 9 (peak:10, limit:18).
 Your charisma was 12 (limit:18).

Final Status:
 You weren't hungry.
 You were burdened; movement was slightly slowed.
 You were wielding two weapons at once.
 You had basic skill with broadsword and two weapons.
 Your skill in dagger was limited by being basic with two weapons.
 You could have enhanced skills with broadsword and also with two weapons.

Final Attributes:
 You were piously aligned.
 You were magic-protected.
 You were fire resistant.
 You were poison resistant.
 You were telepathic.
 You were aware of the presence of orcs.
 You had automatic searching.
 You were stealthy.
 You could jump.
 You were guarded.
 You are dead.

Miscellaneous:
 You disabled loading and storing of bones levels.
 Total elapsed playing time was 1 hour, 56 minutes and 14 seconds.

Major events:
 Turn
    1: Eesui the chaotic male human Rogue entered the dungeon
 1153: entered the Gnomish Mines
 1155: attained the rank of Cutpurse (level 3)
 3053: attained the rank of Rogue (level 6)
 4343: reached Mine Town
 5246: chose an elven dagger to be named "Sting"
11107: chose a runed broadsword to be named "Orcrist"
13076: attained the rank of Pilferer (level 10)
15117: entered Sokoban
15549: completed 1st Sokoban level
16477: completed 2nd Sokoban level
17167: completed 3rd Sokoban level
18656: completed 4th Sokoban level
18761: killed by an ettin mummy

You didn't know any spells.

Skills:
 Fighting Skills
   bare handed combat [Unskilled]
   two weapon combat  [Basic]
   riding             [Unskilled]
 Weapon Skills
   dagger             [Expert]
   knife              [Unskilled]
   short sword        [Basic]
   broadsword         [Basic]
   long sword         [Unskilled]
   two-handed sword   [Unskilled]
   saber              [Unskilled]
   club               [Unskilled]
   mace               [Unskilled]
   morning star       [Unskilled]
   flail              [Unskilled]
   hammer             [Unskilled]
   polearms           [Unskilled]
   spear              [Unskilled]
   crossbow           [Unskilled]
   dart               [Unskilled]
   shuriken           [Unskilled]
 Spellcasting Skills
   divination spells  [Unskilled]
   escape spells      [Unskilled]
   matter spells      [Unskilled]

Voluntary challenges:
 Character rerolling was not enabled.
 You never genocided any monsters.
 You never polymorphed an object.
 You never changed form.
 You used no wishes.
 You violated the special Sokoban rules once.
Achievements:
 You entered a shop.
 You entered the Gnomish Mines.
 You attained the rank of Cutpurse.
 You attained the rank of Rogue.
 You entered Minetown.
 You entered a temple.
 You attained the rank of Pilferer.
 You entered Sokoban.

 The Dungeons of Doom: levels 1 to 9
    Level 1:
    Level 2:
       A general store, a fountain.
    Level 3:
       An armor shop, a fountain.
       Stairs down to The Gnomish Mines.
    Level 4:
       Some fountains.
    Level 5: "vault"
       A grave.
    Level 6: "vault"
       An altar.
    Level 7: "stash"
       A throne, some fountains.
    Level 8:
    Level 9:
       A fountain.
       Stairs up to Sokoban, level 8.
 The Gnomish Mines: levels 4 to 12
    Level 4:
    Level 5:
    Level 6: "pois res"
       Many shops, a temple and an altar, some fountains, a sink.
    Level 7:
    Level 8:
    Level 9:
    Level 10: "fire res"
    Level 11:
    Level 12:
 Sokoban: levels 8 up to 5
    Level 5: <- You were here.
       Solved.
       Final resting place for
          you, killed by an ettin mummy.
    Level 6:
       Solved.
    Level 7:
       Solved.
    Level 8:
       Solved.


Vanquished creatures:
  a master mind flayer
  2 giant mimics
  a stalker
 an earth elemental
  a black naga
  7 wargs
  4 small mimics
  a warhorse
  2 gelatinous cubes
  2 pyrolisks
  2 large dogs
  a shocking sphere
  a large cat
  a tiger
  2 gargoyles
  a dwarf ruler
  3 tengu
  a leocrotta
 an elf mummy
  a human mummy
  a pit viper
  a wraith
  2 ettin zombies
  5 chameleons
  2 giant beetles
  a quivering blob
  a cockatrice
  7 wolves
  4 winter wolf cubs
  a lynx
  2 leprechauns
 an iron piercer
  2 giant spiders
  3 horses
  2 black lights
  2 vampire bats
  2 gnome rulers
  2 dwarf mummies
  2 brown puddings
  3 gold golems
  7 lizards
  2 chickatrices
  a dog
  a dwarf leader
  a blue jelly
  a white unicorn
  3 plains centaurs
  a gnome mummy
  a snake
  5 human zombies
  a rope golem
  a Woodland-elf
  a soldier ant
  6 fire ants
  5 bugbears
 an imp
  2 wood nymphs
  a water nymph
  3 mountain nymphs
  9 Mordor orcs
  3 rock piercers
  2 rock moles
  5 ponies
  5 yellow lights
  a shrieker
  a violet fungus
 20 gnome leaders
  5 gnomish wizards
  3 gray oozes
  a barrow wight
  9 elf zombies
  a ghoul
  a straw golem
  a paper golem
  3 giant ants
  8 floating eyes
  2 kittens
 22 dwarves
  a kobold leader
 12 rothes
  a rabid rat
  2 centipedes
  a giant bat
  9 monkeys
 19 orc zombies
 18 dwarf zombies
  a werejackal
  5 iguanas
  2 acid blobs
  6 coyotes
  2 gas spores
  4 hobbits
  4 large kobolds
  8 hobgoblins
  5 giant rats
 10 cave spiders
  a brown mold
  a yellow mold
  a green mold
 63 gnomes
  4 garter snakes
 15 gnome zombies
  6 geckos
 19 jackals
  3 foxes
  4 kobolds
  5 goblins
  a sewer rat
 16 grid bugs
  a bat
  5 lichens
 14 kobold zombies
  9 newts
506 creatures vanquished.

No species were genocided or became extinct.

Game over:
                       ----------
                      /          \
                     /    REST    \
                    /      IN      \
                   /     PEACE      \
                  /                  \
                  |      Eesui       |
                  |     2101 Au      |
                  |   killed by an   |
                  |   ettin mummy    |
                  |                  |
                  |                  |
                  |       2026       |
                 *|     *  *  *      | *
        _________)/\\_//(\/(/\)/\//\/|_)_______

Goodbye Eesui the Rogue...

You died in Sokoban on dungeon level 5 with 37827 points,
and 2101 pieces of gold, after 18761 moves.
You were level 11 with a maximum of 75 hit points when you died.

